Map: Catalyst LE

Players

PapaSchlumpf - Winner!

  • Race: Zerg Zerg
  • League: Gold
  • Spawn Location: 5:00

Viszlat

  • Race: Protoss Protoss
  • League: Gold
  • Spawn Location: 11:00

VOD

Have the link to the VOD?

Description

Time

  • Played on: May 8, 2018, 5:52 a.m.
  • Length: 12:00
Show
View Real Time Build Order
Export as new Build Order

PapaSchlumpf Zerg - Winner!

Build Orders: Hatch First 

Get SALT Encoding   

  12  0:01  Drone  
  13  0:08  Drone  
  14  0:40  Hatchery  
  14  0:41  Drone  
  14  0:56  Spawning Pool  
  13  1:00  Drone  
  14  1:08  Overlord  
  14  1:43  Queen, Zergling x6  
  19  1:52  Extractor  
  19  1:57  Zergling x2  
  21  2:02  Hatchery  
  21  2:05  Zergling x2  
  21  2:16  Overlord  
  22  2:31  Extractor  
  22  2:34  Zergling x2  
  22  2:46  Hatchery, Zergling x2  
  22  2:58  Zergling x8  
  26  3:09  Zergling x2  
  25  3:23  Zergling x2  
  25  3:24  Zergling x2  
  26  3:30  Extractor  
  26  3:32  Hatchery  
  24  3:41  Zergling x8  
  28  3:55  Overlord  
  28  3:57  Queen  
  28  3:59  Zergling x2  
  31  4:10  Zergling x10  
  33  4:25  Zergling x4  
  32  4:38  Queen  
  27  4:55  Zergling x8  
  29  5:10  Zergling x6  
  31  5:18  Zergling x2  
  31  5:20  Zergling x2  
  33  5:31  Metabolic Boost  
  33  5:38  Zergling x2  
  34  6:20  Zergling x18  
  43  7:08  Lair  
  43  7:11  Drone x6  
  43  7:12  Overlord x2  
  49  7:52  Drone x10  
  59  8:00  Drone, Extractor  
  59  8:01  Extractor  
Show
View Real Time Build Order
Export as new Build Order

Viszlat Protoss 

Build Orders:  

Get SALT Encoding   

  12  0:01  Probe  
  13  0:13  Probe  
  14  0:25  Pylon  
  14  0:28  Probe  
  15  0:39  Assimilator  
  15  0:43  Probe  
  15  0:48  Gateway  
  16  0:56  Probe  
  17  1:08  Probe  
  18  1:20  Gateway  
  18  1:30  Zealot  
  20  1:46  Probe  
  21  2:08  Cybernetics Core  
  21  2:23  Pylon  
  21  2:28  Zealot  
  22  2:35  Probe  
  23  2:38  Adept  
  23  2:51  Pylon  
  23  3:05  Pylon  
  23  3:16  Stalker  
  23  3:21  Sentry  
  24  3:41  Pylon  
  24  3:46  Gateway  
  24  3:49  Pylon  
  24  4:05  Adept  
  26  4:10  Stalker  
  26  4:33  Adept  
  26  4:35  Adept  
  16  5:22  Pylon  
  16  5:25  Gateway  
  16  5:27  Gateway  
  16  5:28  Assimilator  
  16  5:29  Gateway, Pylon  
  16  5:34  Pylon  
  4  6:22  Probe  
  2  6:33  Probe  
  2  6:35  Assimilator  
  2  6:42  Probe  
  3  6:50  Probe  
  4  7:00  Probe  
Tags
 
League
GoldGold
Matchup
PvZ
Spawn Locations
Cross Positions
Add a new tag
Caveats
  • Supply blocks, unpowered buildings, or Contaminate may cause inaccurate times.
  • Supply counts are checked every 10 seconds.